 Dungeon Crawl Stone Soup version 0.29.1-15-g9cfb28693d (webtiles) character file.

Game seed: 3980003094462574564

2139 GigaChad the Cleaver (level 9, -5/74 HPs)
             Began as a Minotaur Gladiator on Mar 11, 2023.
             Was a Believer of Okawaru.
             Slain by an orc warrior
             ... wielding a +0 halberd
              (7 damage)
             ... on level 8 of the Dungeon.
             The game lasted 00:07:27 (8050 turns).

GigaChad the Cleaver (Minotaur Gladiator)           Turns: 8050, Time: 00:07:28

Health: -5/74      AC: 16    Str: 24    XL:     9   Next: 9%
Magic:  8/8        EV: 12    Int:  8    God:    Okawaru [**....]
Gold:   299        SH:  0    Dex: 11    Spells: 8/8 levels left

rFire   . . .      SeeInvis .   n - +0 executioner's axe (venom)
rCold   + . .      Faith    .   (shield currently unavailable)
rNeg    . . .      Spirit   .   h - +4 plate armour
rPois   +          Reflect  .   c - +0 hat
rElec   .          Harm     .   (no cloak)
rCorr   .          Rampage  .   (no gloves)
Will    .....                   (no boots)
Stlth   ..........              (no amulet)
HPRegen 0.22/turn               i - +4 ring of protection
MPRegen 0.11/turn               x - ring "Tys Akol" {*Corrode rPois rC+ EV+4 Int+3}

@: corroded
A: horns 2, retaliatory headbutt
a: Renounce Religion, Heroism


You were on level 8 of the Dungeon.
You worshipped Okawaru.
Okawaru was pleased with you.
You visited 2 branches of the dungeon, and saw 9 of its levels.

You collected 299 gold pieces.

Inventory:

Hand Weapons
 a - a +0 war axe
 n - a +0 executioner's axe of venom (weapon)
Missiles
 d - 3 throwing nets (quivered)
 e - a javelin
Armour
 b - a +0 leather armour
 c - a +0 hat (worn)
 h - a +4 plate armour (worn)
Jewellery
 i - a +4 ring of protection (left hand)
 x - the ring "Tys Akol" (right hand) {*Corrode rPois rC+ EV+4 Int+3}
   (You found it on level 4 of the Dungeon)

   [ring of evasion]

   EV:        It affects your evasion (+4).
   Int:       It affects your intelligence (+3).
   rC:        It protects you from cold.
   rPois:     It protects you from poison.
   *Corrode:  It may corrode you when you take damage.
Wands
 o - a wand of mindburst (11)
 t - a wand of flame (2)
 y - a wand of digging (4)
Scrolls
 g - a scroll of vulnerability {unknown}
 q - 2 scrolls of noise {unknown}
 r - a scroll of poison
 s - a scroll of teleportation {unknown}
 u - a scroll of enchant weapon {unknown}
 w - 4 scrolls of identify
 A - a scroll of magic mapping {unknown}
 B - 2 scrolls of fear {unknown}
 D - a scroll of amnesia {unknown}
 G - 2 scrolls of fog {unknown}
 H - 2 scrolls of blinking {unknown}
Potions
 f - 3 potions of berserk rage {unknown}
 j - 3 potions of curing {unknown}
 k - 3 potions of cancellation
 l - 2 potions of flight {unknown}
 m - 2 potions of haste {unknown}
 p - a potion of ambrosia {unknown}
 v - a potion of mutation {unknown}
 z - 2 potions of degeneration {unknown}
 C - a potion of resistance {unknown}
 E - 2 potions of heal wounds {unknown}
 F - a potion of brilliance {unknown}
 I - a potion of attraction {unknown}


   Skills:
 + Level 5.6 Fighting
 + Level 11.6 Axes
 + Level 2.1 Throwing
 + Level 6.5 Armour
 + Level 4.3 Dodging
 + Level 0.6 Stealth


You had 8 spell levels left.
You didn't know any spells.
Your spell library contained the following spells:

 Spells                   Type           Power      Damage    Failure   Level
 Beastly Appendage        Tmut           0%         N/A       99%         1
 Sting                    Tmut/Pois      0%         1d3       99%         1
 Poisonous Vapours        Pois/Air       0%         N/A       100%        2
 Scorch                   Fire           0%         2d5       100%        2
 Static Discharge         Conj/Air       0%         3-3/arc   100%        2
 Wereblood                Tmut           0%         N/A       100%        2
 Frozen Ramparts          Ice            0%         1d1       100%        3
 Spider Form              Tmut/Pois      0%         N/A       100%        3
 Cause Fear               Hex            0%         N/A       100%        4
 Flame Wave               Conj/Fire      0%         2d4       100%        4
 Ice Form                 Ice/Tmut       0%         N/A       100%        4
 Olgreb's Toxic Radiance  Pois           0%         N/A       100%        4
 Lightning Bolt           Conj/Air       0%         1d11      100%        5
 Dragon Form              Tmut           0%         N/A       100%        7
 Maxwell's Capacitive Co  Air            0%         ∞         100%        8
 Summon Ice Beast         Ice/Summ       Unusable   N/A       N/A         4
 Summon Cactus Giant      Summ           Unusable   N/A       N/A         6
 Dragon's Call            Summ           Unusable   N/A       N/A         9

Dungeon Overview and Level Annotations

Branches:
Dungeon (8/15)             Temple (1/1) D:6
   Lair: D:8-11

Altars:
Ashenzari
Cheibriados
Dithmenos
Elyvilon
Fedhas
Gozag
Hepliaklqana
Kikubaaqudgha
Nemelex Xobeh
Okawaru
Qazlal
Ru
Sif Muna
Trog
Uskayaw
Vehumet
Wu Jian
Xom
Yredelemnul
Zin
The Shining One

Shops:
D:4 :


Innate Abilities, Weirdness & Mutations

You have a pair of horns on your head.
You reflexively headbutt those who attack you in melee.


Message History

You hear some strange, mumbled words.
A magic dart appears from out of thin air!
The magic dart hits you but does no damage.
The orc warrior closely misses you. The orc warrior completely misses you.
You furiously retaliate!
You headbutt the orc warrior, but do no damage.
You feel very sick. Something hits you. The orc warrior closely misses you.
The orc warrior hits you from afar with a +1 trident of venom!
Things that are here:
a +0 hand axe; a boomerang You feel sick.
Something hits you.
You feel sick. Something hits you but does no damage.
The orc warrior closely misses you.
You feel sick. Something hits you but does no damage.
The orc warrior hits you from afar with a +0 halberd.
* * * LOW HITPOINT WARNING * * *
You feel sick. Something hits you but does no damage.
The orc warrior closely misses you.
You feel sick. Something hits you.
* * * LOW HITPOINT WARNING * * *
The orc warrior hits you from afar with a +0 halberd.
* * * LOW HITPOINT WARNING * * *
You feel sick.
You feel sick.
You feel sick.
You are no longer poisoned.
Something hits you but does no damage. The orc warrior barely misses you.
You hear some strange, mumbled words.
You are confused.
You are too confused!
You are too injured to fight recklessly!
You are too injured to fight recklessly!
You bump into the rock wall.
Something hits you but does no damage.
The orc warrior hits you from afar with a +0 halberd.
* * * LOW HITPOINT WARNING * * *
Your corrosive artefact corrodes you!
You feel less confused.
The orc warrior hits you from afar with a +0 halberd!
You die...

.....
#...#####
....... #
#oo.#
#.####o#
#.#.....o#
#........#
########.#..#
#@.ooooo.#..#
#.########..#
#.# #..# #
#.# #..# #.#
#..# #.#
#..###### #.#
#........ #.#
#.####### #.#
#.#


You could see 2 orc warriors and 3 orcs.

Vanquished Creatures
  Erica (D:8)
  2 sky beasts
  2 centaurs
  A kobold brigand (D:6)
  4 bullfrogs
  2 scorpions (D:5)
  A necrophage (D:7)
  A howler monkey (D:7)
  3 orc priests
  4 hounds
  A gnoll bouda (D:7)
  3 iguanas
  4 orc wizards
  4 gnolls (D:7)
  8 adders
  3 shadow imps
  A white imp (D:7)
  2 worms
  12 dart slugs
  13 orcs
  12 endoplasms
  A giant cockroach (D:1)
  6 hobgoblins
  3 quokkas
  6 ball pythons
  4 bats
  5 frilled lizards
  4 goblins
  9 kobolds
  6 rats
128 creatures vanquished.

Notes
Turn   | Place    | Note
-------+----------+-------------------------------------------
     0 | D:1      | GigaChad the Minotaur Gladiator began the quest for the
                  | Orb.
     0 | D:1      | Reached XP level 1. HP: 18/18 MP: 0/0
   276 | D:1      | Reached XP level 2. HP: 25/25 MP: 1/1
   293 | D:1      | Reached skill level 4 in Axes
   580 | D:1      | Found a faded altar of an unknown god.
   686 | D:1      | Reached XP level 3. HP: 25/30 MP: 2/2
   994 | D:2      | Found a sparkling altar of Nemelex Xobeh.
  1555 | D:2      | Reached XP level 4. HP: 37/37 MP: 3/3
  1885 | D:3      | Reached skill level 1 in Armour
  2514 | D:3      | Identified a scroll of acquirement
  2515 | D:3      | Acquired a +0 executioner's axe of venom
  2572 | D:4      | Reached skill level 5 in Axes
  2774 | D:4      | Reached XP level 5. HP: 40/42 MP: 4/4
  3183 | D:4      | Identified the ring "Tys Akol" {*Corrode rPois rC+ EV+4
                  | Int+3}
  3253 | D:4      | Reached skill level 6 in Axes
  3420 | D:4      | Found Foleyliw's Book Boutique.
  3625 | D:4      | Found a snail-covered altar of Cheibriados.
  4024 | D:5      | Entered Level 5 of the Dungeon
  4111 | D:5      | Reached XP level 6. HP: 25/50 MP: 5/5
  4280 | D:5      | Found a shimmering altar of Xom.
  4281 | D:5      | Found a sparkling altar of Nemelex Xobeh.
  4281 | D:5      | Found a hide-covered altar of Uskayaw.
  4375 | D:5      | Reached skill level 7 in Axes
  5174 | D:5      | Found a glowing golden altar of the Shining One.
  5580 | D:6      | Reached XP level 7. HP: 57/57 MP: 6/6
  5600 | D:6      | Reached skill level 8 in Axes
  5829 | D:6      | Reached skill level 9 in Axes
  6280 | D:6      | Found a staircase to the Ecumenical Temple.
  6544 | Temple   | Entered the Ecumenical Temple
  6587 | Temple   | Became a worshipper of Warmaster Okawaru
  6694 | D:7      | Reached skill level 5 in Armour
  6702 | D:7      | Reached XP level 8. HP: 66/66 MP: 7/7
  6800 | D:7      | Found a hazy altar of Hepliaklqana.
  7077 | D:7      | Found a broken altar of Ashenzari.
  7167 | D:7      | Reached skill level 10 in Axes
  7587 | D:7      | Found an opulent altar of Gozag.
  7590 | D:7      | Reached * piety under Okawaru
  7709 | D:8      | Noticed Erica
  7717 | D:8      | Killed Erica
  7717 | D:8      | Reached ** piety under Okawaru
  7718 | D:8      | Reached skill level 5 in Fighting
  7718 | D:8      | Reached skill level 11 in Axes
  7718 | D:8      | Reached XP level 9. HP: 45/74 MP: 8/8
  8049 | D:8      | HP: 2/74 [orc warrior/+0 halberd (6)]
  8050 | D:8      | Slain by an orc warrior

Illustrated notes

Levels and vault maps discovered:
D:1:      lemuel_arrival_room, layout_basic, chequers_ecumenical_altar_simple,
          chequers_serial_rivers_micro_e
D:2:      layout_basic, basic_altar, st_stairs_1
D:3:      layout_loops_ring
D:4:      kennysheep_slugbush, layout_layer_cave, mainiacjoe_overflow_alcove_4,
          serial_rivers, chequers_serial_rivers_small_3,
          chequers_serial_rivers_large_a, chequers_serial_rivers_micro_e,
          chequers_serial_rivers_micro_e, chequers_serial_rivers_small_3,
          chequers_serial_rivers_room_a, serial_shops, shop
D:5:      layout_layer_cave, tso_oasis_becter,
          chequers_temple_overflow_statue_of_worship
D:6:      layout_basic, minmay_temple_entry_arrows, kennysheep_generic_room_13
D:7:      layout_loops_ring, mainiacjoe_overflow_tiny_flanked,
          lemuel_crystal_altar, overflow_temple_1_default, roderic_roman_lattice
D:8:      layout_basic, nzn_makhleb_speed_demon, lair_entry_dummy, uniq_erica
Temple:   nicolae_temple_god_jail

Skill      XL: |  1  2  3  4  5  6  7  8 |
---------------+-------------------------+-----
Axes           | 4 5 6 7 9 11 | 11.6
Dodging        | 4 |  4.3
Armour         | 2 4 5 6 |  6.5
Fighting       | 3 4 5 |  5.6
Throwing       | |  2.1
Stealth        | |  0.6

Action                   |  1- 3 |  4- 6 |  7- 9 || total
-------------------------+-------+-------+-------++-------
Melee: War axe           |   106 |    24 |       ||   130
       Headbutt          |    11 |    19 |    23 ||    53
       Punch             |     1 |       |       ||     1
       Executioner's axe |       |    95 |   130 ||   225
  Use: Scroll            |       |     4 |       ||     4
Armor: Leather armour    |    14 |       |       ||    14
       Plate armour      |    57 |   113 |   121 ||   291
Dodge: Dodged            |    61 |    48 |    70 ||   179
